 Dungeon Crawl Stone Soup version 0.24-a0-201-gf205589 (webtiles) character file.

Game seed: 1837542502244827855

460 Borgoz the Covered (level 7, -2/46 HPs)
             Began as a Halfling Fighter on Mar 24, 2019.
             Slain by an orc
             ... wielding a +0 long sword
              (7 damage)
             ... on level 4 of the Dungeon.
             The game lasted 00:05:08 (2746 turns).

Borgoz the Covered (Halfling Fighter)               Turns: 2746, Time: 00:05:09

Health: -2/46      AC:  3    Str: 17    XL:     7   Next: 28%
Magic:  8/8        EV: 13    Int:  7    God:
Gold:   114        SH:  0    Dex: 15    Spells: 8/8 levels left

rFire    . . .     SeeInvis .   r - +0 dagger (drain)
rCold    . . .     Gourm    .   c - +0 shield
rNeg     . . .     Faith    .   h - +0 leather armour (curse)
rPois    .         Spirit   .   (no helmet)
rElec    .         Reflect  .   (no cloak)
rCorr    .         Harm     .   (no gloves)
MR       .....                  (no boots)
Stlth    +.........             p - amulet of inaccuracy (curse)
HPRegen  0.15/turn              g - +5 ring of slaying
MPRegen  0.11/turn              (no ring)

@: confused, lethally poisoned (-2 -> -7), very slightly contaminated, invisible
A: small, mutation resistance 1
a: no special abilities


You were on level 4 of the Dungeon.
You were not hungry.

You visited 1 branch of the dungeon, and saw 4 of its levels.

You collected 114 gold pieces.

Inventory:

Hand Weapons
 a - a +0 rapier
 r - a +0 dagger of draining (weapon)
 s - a +1 dagger of venom
Armour
 b - a +1 scale mail
 c - a +0 shield (worn)
 h - a cursed +0 leather armour (worn)
Jewellery
 g - a +5 ring of slaying (left hand)
 o - an uncursed amulet of regeneration {unknown}
 p - a cursed amulet of inaccuracy (around neck)
 q - a cursed amulet of inaccuracy
Scrolls
 e - 2 scrolls of remove curse {unknown}
Potions
 d - a potion of flight
 j - a potion of resistance
Comestibles
 f - 8 rations
 i - 3 chunks of flesh


   Skills:
 + Level 3.2 Fighting
 * Level 4.4 Short Blades
 + Level 2.0 Throwing
 * Level 4.5 Armour
 * Level 3.1 Dodging
 + Level 1.9 Stealth
 + Level 4.0 Shields
 + Level 1.2 Spellcasting


You had 8 spell levels left.
You didn't know any spells.
Your spell library was empty.

Dungeon Overview and Level Annotations

Branches:
Dungeon (4/15)
 Temple: D:4-7

Altars:
The Shining One


Innate Abilities, Weirdness & Mutations

You are small and have problems with some larger weapons.
You are somewhat resistant to further mutation.


Message History

The orc is heavily wounded.
You feel sick.
You hear some strange, mumbled words.
You are confused.
The orc hits you with a +0 long sword.
* * * LOW HITPOINT WARNING * * *
You feel sick.
The orc throws a tomahawk.
The tomahawk misses the orc.
The orc closely misses you.
You bump into the rock wall.
You miss the orc.
The orc is heavily wounded.
You feel sick. The orc hits you with a +0 long sword.
* * * LOW HITPOINT WARNING * * *
Okay, then.
You're too confused!
You're too confused!
You bump into the rock wall.
* * * LOW HITPOINT WARNING * * *
You feel sick. The orc hits you with a +0 long sword!
You die...

,,,,,.......##.#...***,**,,*
**,,.........#.#..#* *,,*,,*
*,,..............# *,,,,,*
**,,........##.#..# *,**,,***
,,,,...$....##....####,,,..,,*
,*,,..........##>..<.#*,...,,*
,,,,...........(..##.#*.....,*
,*,,.........)##oo##.##......*
,*,,....[....){(@.##.........#
**,,[.......####.............#
**,>........# #)...........#*
**,,........####............#
,,,,........................#
***,.......#####............#
*,...........<............#
***,.......####.............#
,,,,.......* ##............#


You could see 2 orcs.

Vanquished Creatures
  Sigmund (D:3)
  A howler monkey (D:4)
  2 orc wizards (D:4)
  A bullfrog skeleton (D:4)
  An iguana (D:4)
  6 adders
  3 dart slugs (D:1)
  3 leopard geckos
  5 orcs
  3 ball pythons
  5 bats
  4 giant cockroaches
  8 goblins
  3 hobgoblins
  22 jackals
  2 quokkas
  6 frilled lizards
  2 kobolds (D:1)
  22 rats
100 creatures vanquished.

Notes
Turn   | Place    | Note
-------+----------+-------------------------------------------
     0 | D:1      | Borgoz the Halfling Fighter began the quest for the Orb.
     0 | D:1      | Reached XP level 1. HP: 15/15 MP: 1/1
    83 | D:1      | Reached XP level 2. HP: 19/20 MP: 2/2
   211 | D:1      | Reached skill level 1 in Dodging
   211 | D:1      | Reached XP level 3. HP: 18/25 MP: 3/3
   599 | D:1      | Reached skill level 1 in Throwing
  1063 | D:2      | Reached XP level 4. HP: 30/30 MP: 4/4
  1782 | D:3      | Noticed Sigmund
  1791 | D:3      | Killed Sigmund
  1791 | D:3      | Reached skill level 1 in Stealth
  1791 | D:3      | Reached skill level 1 in Spellcasting
  1791 | D:3      | Reached XP level 5. HP: 36/36 MP: 4/6
  1791 | D:3      | Reached XP level 6. HP: 42/42 MP: 4/7
  2256 | D:3      | Found a glowing golden altar of the Shining One.
  2560 | D:4      | Reached XP level 7. HP: 35/46 MP: 8/8
  2746 | D:4      | Slain by an orc

Levels and vault maps discovered:
D:1:      matt_arrival_refuge, layout_basic
D:2:      layout_loops_ring
D:3:      layout_loops_ring, nicolae_overflow_hidden_temple, minmay_rat_hole,
          uniq_sigmund
D:4:      layout_rooms, first_ration, tgw_fedhas

Skill      XL: |  1  2  3  4  5  6  7 |
---------------+----------------------+-----
Dodging        | 1 2 3 |  3.1
Throwing       | 1 2 |  2.0
Short Blades   | 3 4 |  4.4
Fighting       | 3 |  3.2
Armour         | 4 |  4.5
Stealth        | 1 |  1.9
Spellcasting   | 1 |  1.2
Shields        | 4 |  4.0

Action                   |  1- 3 |  4- 6 |  7- 9 || total
-------------------------+-------+-------+-------++-------
Melee: Rapier            |   105 |   123 |       ||   228
       Dagger            |       |   102 |    39 ||   141
  Use: Scroll            |       |     5 |       ||     5
       Potion            |       |     8 |     1 ||     9
 Stab: Sleeping          |       |     4 |       ||     4
       Invisible         |       |       |     1 ||     1
  Eat: Chunk             |     1 |     3 |     2 ||     6
Armor: Scale mail        |    48 |    48 |       ||    96
       Leather armour    |       |    14 |     6 ||    20
       Skin              |       |    49 |     4 ||    53
Dodge: Dodged            |    36 |   110 |    15 ||   161
Block: Shield            |    44 |   150 |     7 ||   201

Table legend:
 A = Non-vault XP
 B = Vault XP
 C = Vault XP percentage of total XP
 D = Non-vault monster count
 E = Vault monster count
 F = Vault count percentage of total count
                 A         B        C        D         E       F
            +---------+---------+-------+---------+---------+-------
      Total |     426 |     232 |  35.3 |      80 |      20 |  20.0
            +---------+---------+-------+---------+---------+-------
        D:1 |      62 |       0 |   0.0 |      29 |       0 |   0.0
        D:2 |      49 |       0 |   0.0 |      22 |       0 |   0.0
        D:3 |      72 |     232 |  76.3 |      14 |      20 |  58.8
        D:4 |     243 |       0 |   0.0 |      15 |       0 |   0.0
            +---------+---------+-------+---------+---------+-------
